 Dungeon Crawl Stone Soup version 0.30-a0-719-gcc4359ea44 (webtiles) character file.

Game seed: 8683986698387061994

38 hikkokomori the Shield-Bearer (level 3, -1/20 HPs)
             Began as a Vine Stalker Fighter on Jan 27, 2023.
             Slain by Terence
             ... wielding a +0 mace
              (4 damage)
             ... on level 2 of the Dungeon.
             The game lasted 00:01:15 (1614 turns).

hikkokomori the Shield-Bearer (VSFi)                Turns: 1614, Time: 00:01:15

Health: -1/20      AC:  7    Str: 20    XL:     3   Next: 43%
Magic:  0/4        EV:  9    Int:  8    God:
Gold:   139        SH:  4    Dex: 13    Spells: 2/2 levels left

rFire   . . .      SeeInvis .    a - +0 flail
rCold   . . .      Faith    .    c - +0 buckler
rNeg    . . .      Spirit   +    b - +0 scale mail
rPois   .          Reflect  .    h - +0 helmet
rElec   .          Harm     .    (no cloak)
rCorr   .          Rampage  .    (no gloves)
Will    .....                    (no boots) Stlth
                                 (no amulet)
HPRegen 0.23/turn                (no ring)
MPRegen 0.09/turn                (no ring)

@: no status effects
A: fangs 2, magic shield, antimagic bite, no potion heal 2
a: no special abilities


You were on level 2 of the Dungeon.
You visited 1 branch of the dungeon, and saw 2 of its levels.

You collected 139 gold pieces.

Inventory:

Hand Weapons
 a - a +0 flail (weapon)
Armour
 b - a +0 scale mail (worn)
 c - a +0 buckler (worn)
 h - a +0 helmet (worn)
Scrolls
 e - 2 scrolls of fear {unknown}
 f - 2 scrolls of silence {unknown}
 k - a scroll of identify {unknown}
Potions
 d - a potion of might
 g - 2 potions of brilliance {unknown}
 i - a potion of berserk rage {unknown}
 j - a potion of lignification {unknown}


   Skills:
 + Level 3.1 Fighting
 + Level 2.3 Maces & Flails
 - Level 2.4 Armour
 + Level 3.2 Shields


You had 2 spell levels left.
You didn't know any spells.
Your spell library contained the following spells:

 Spells                   Type           Power      Damage    Failure   Level
 Magic Dart               Conj           0%         1d3       86%         1
 Necrotise                Necr           0%         1d4       86%         1
 Call Imp                 Summ           0%         N/A       94%         2
 Mephitic Cloud           Conj/Pois/Air  0%         N/A       99%         3
 Vampiric Draining        Necr           0%         2d6       99%         3
 Agony                    Necr           0%         N/A       100%        5


Dungeon Overview and Level Annotations

Branches:
Dungeon (2/15)

Altars:

Annotations:
D:2 Terence


Innate Abilities, Weirdness & Mutations

You have extremely sharp teeth.
When hurt, damage is shared between your health and your magic reserves.
Your bite disrupts and absorbs the magic of your enemies.
Potions cannot restore your health.


Message History

There is an open door here.
Found a faded altar of an unknown god.
There is a faded altar of an unknown god here.
You now have 139 gold pieces (gained 12).
You open the door.
There is an open door here.
Found an escape hatch in the ceiling.
Terence the Incautious comes into view.
He is wielding a +0 mace.
Terence shouts!
Terence is nearby!
Terence is nearby!
Terence hits you with a +0 mace.
You closely miss Terence. Terence barely misses you.
Terence hits you with a +0 mace.
You barely miss Terence. You bite Terence, but do no damage.
Terence hits you but does no damage.
You barely miss Terence. Your bite misses Terence.
Terence hits you with a +0 mace.
You closely miss Terence. You bite Terence. You drain his power.
You feel invigorated.
Terence is moderately wounded.
Terence barely misses you.
You sock Terence!
Terence is severely wounded.
Terence hits you with a +0 mace. Terence hits you with a +0 mace!
You are too injured to fight recklessly!
You are too injured to fight recklessly!
You hit Terence. Your bite misses Terence.
Terence is severely wounded.
Terence hits you with a +0 mace.
You hit Terence.
Terence is almost dead.
Terence says, "Time to say good-bye..."
Terence barely misses you.
You barely miss Terence. Your bite misses Terence.
Terence is almost dead.
Terence hits you with a +0 mace!
* * * LOW HITPOINT WARNING * * *
Terence hits you with a +0 mace.
You die...

#### ############
##... ............
.... .........###
#..# ########.# #..#
#.#
##..#############.###
#....................
#..@@.............##
#.##.#####.....†.##
#.##.# #.####..###
#.##.# # #..#..
#.##.# #..+.. #.##.#
#..#.. #.##.#
#.####.....
##.##.#####.......###
#...................#


You could see Terence.

Vanquished Creatures
  2 adders (D:2)
  A worm (D:2)
  A ball python (D:1)
  A bat (D:2)
  An endoplasm (D:2)
  A giant cockroach (D:2)
  3 hobgoblins (D:1)
  4 kobolds
  A frilled lizard (D:1)
  A goblin (D:1)
  2 rats
18 creatures vanquished.

Notes
Turn   | Place    | Note
-------+----------+-------------------------------------------
     0 | D:1      | hikkokomori the Vine Stalker Fighter began the quest for
                  | the Orb.
     0 | D:1      | Reached XP level 1. HP: 11/11 MP: 2/2
   140 | D:1      | Reached XP level 2. HP: 16/16 MP: 3/3
   999 | D:2      | Reached XP level 3. HP: 20/20 MP: 4/4
  1450 | D:2      | Found a faded altar of an unknown god.
  1604 | D:2      | Noticed Terence
  1614 | D:2      | Slain by Terence

Illustrated notes

Levels and vault maps discovered:
D:1:      lemuel_arrival_behind_the_door_large, layout_basic
D:2:      layout_basic, chequers_ecumenical_altar_twisty, uniq_terence

Skill      XL: |  1  2 |
---------------+-------+-----
Maces & Flails | 2 |  2.3
Fighting       | 3 |  3.1
Shields        | 3 |  3.2
Armour         | |  2.4

Action                     || total
---------------------------++-------
  Melee: Flail             ||    60
         Bite              ||    13
 Armour: Scale mail        ||    23
  Dodge: Dodged            ||    26
  Block: Buckler           ||     9

Table legend: (Time is in decaauts)
 A = Elapsed time spent in this place.
 B = Non-inter-level travel time spent in this place.
 C = Inter-level travel time spent in this place.
 D = Time resting spent in this place.
 E = Time spent auto-exploring this place.
 F = Levels seen in this place.
 G = Mean time per level.
                   A        B        C        D        E       F      G
               +--------+--------+--------+--------+--------+-----+--------+
         Total |   1633 |   1588 |     45 |      0 |   1409 |   2 |  816.5 |
       Dungeon |   1633 |   1588 |     45 |      0 |   1409 |   2 |  816.5 |
               +--------+--------+--------+--------+--------+-----+--------+

Top non-repeatable levels by time:
     D:2: 902 daAuts
     D:1: 731 daAuts
